 Dungeon Crawl Stone Soup version 0.27-a0-951-gae3e1deef5 (webtiles) character file.

Game seed: 9185963654636574854

55 polve the Cutter (level 3, -8/29 HPs)
             Began as a Demonspawn Abyssal Knight on Apr 11, 2021.
             Was a Believer of Lugonu.
             Mangled by a gnoll
             ... wielding a +0 whip
              (9 damage)
             ... on level 2 of the Dungeon.
             The game lasted 00:01:25 (2102 turns).

polve the Cutter (Demonspawn Abyssal Knight)        Turns: 2102, Time: 00:01:25

Health: -8/29      AC:  3    Str: 13    XL:     3   Next: 67%
Magic:  4/4        EV: 11    Int: 13    God:    Lugonu [**....]
Gold:   109        SH:  0    Dex: 18    Spells: 2/2 levels left

rFire    . . .     SeeInvis .   a - +1 short sword
rCold    . . .     Faith    .   (no shield)
rNeg     . . .     Spirit   .   b - +0 leather armour
rPois    .         Reflect  .   (helmet restricted)
rElec    .         Harm     .   (no cloak)
rCorr    .         Rampage  .   (no gloves)
Will     .....                  (no boots)
Stlth    +.........             (no amulet)
HPRegen  0.09/turn              f - ring of flight
MPRegen  0.09/turn              e - +6 ring of dexterity

@: flying
A: antennae 1
a: Renounce Religion, Depart the Abyss, Bend Space


You were on level 2 of the Dungeon.
You worshipped Lugonu.
Lugonu was pleased with you.
You visited 1 branch of the dungeon, and saw 2 of its levels.
You visited the Abyss 1 time.

You collected 109 gold pieces.

Inventory:

Hand Weapons
 a - a +1 short sword (weapon)
Armour
 b - a +0 leather armour (worn)
Jewellery
 c - a ring of fire
 e - a +6 ring of dexterity (right hand)
 f - a ring of flight (left hand)
Scrolls
 d - a scroll of fear {unknown}


   Skills:
 - Level 3.0 Fighting
 + Level 3.7 Short Blades
 - Level 1.7 Armour
 - Level 0.8 Dodging
 - Level 2.4 Invocations


You had 2 spell levels left.
You didn't know any spells.
Your spell library was empty.

Dungeon Overview and Level Annotations

Branches:
Dungeon (2/15)

Altars:


Innate Abilities, Weirdness & Mutations

You have a pair of small antennae on your head.


Message History

The gnoll closely misses you.
You hit the gnoll but do no damage.
The gnoll is lightly wounded.
The gnoll hits you with a +0 whip.
You hit the gnoll.
The gnoll is moderately wounded.
The gnoll closely misses you.
You hit the gnoll.
The gnoll is heavily wounded.
The gnoll hits you with a +0 whip.
You hit the gnoll.
You kill the gnoll!
Lugonu accepts your kill.
You hit the gnoll but do no damage. The gnoll barely misses you.
You hit the gnoll.
The gnoll is lightly wounded.
You barely miss the gnoll.
The gnoll is lightly wounded.
The gnoll barely misses you.
You hit the gnoll.
The gnoll is moderately wounded.
The gnoll barely misses you.
You hit the gnoll.
The gnoll is heavily wounded.
The gnoll hits you with a +0 whip.
You hit the gnoll.
The gnoll is almost dead.
The gnoll hits you with a +0 whip!
You hit the gnoll.
The gnoll is almost dead.
The gnoll hits you with a +0 whip!
* * * LOW HITPOINT WARNING * * *
You barely miss the gnoll.
The gnoll is almost dead.
The gnoll hits you with a +0 whip.
* * * LOW HITPOINT WARNING * * *
You hit the gnoll but do no damage.
The gnoll is almost dead.
The gnoll hits you with a +0 whip!
You die...

. ..
#+##...
....... ...
#.
####.......
... #.
#.@gg.....#
#.# #.#
#.##......#
#.# #.##
#.# ......#
#.# #..#
#.# .....)#
#.# #..#
#.# ......#
#.#
#..###.#
####### #<#
#......#
#.#
####..#####
#.# #.....#


You could see 2 gnolls.

Vanquished Creatures
  A gnoll (D:2)
  2 dart slugs
  2 bats (D:1)
  7 endoplasms (D:1)
  2 giant cockroaches (D:1)
  2 goblins (D:1)
  2 hobgoblins (D:1)
  6 jackals (D:1)
  4 ball pythons (D:1)
  2 frilled lizards
  2 kobolds (D:1)
  4 rats (D:1)
36 creatures vanquished.

Notes
Turn   | Place    | Note
-------+----------+-------------------------------------------
     0 | Abyss:1  | polve the Demonspawn Abyssal Knight began the quest for the
                  | Orb.
     0 | Abyss:1  | Reached XP level 1. HP: 18/18 MP: 2/2
    49 | Abyss:1  | Found a corrupted altar of Lugonu.
    86 | Abyss:1  | Found a corrupted altar of Lugonu.
   349 | Abyss:1  | Noticed an ice devil
   351 | D:1      | Escaped the Abyss
   652 | D:1      | Reached * piety under Lugonu
   661 | D:1      | Gained mutation: You have a pair of small antennae on your
                  | head. [demonic ancestry]
   661 | D:1      | Reached XP level 2. HP: 6/24 MP: 3/3
  1492 | D:1      | Reached XP level 3. HP: 26/29 MP: 4/4
  1944 | D:2      | Reached ** piety under Lugonu
  2101 | D:2      | HP: 1/29 [gnoll/+0 whip (5)]
  2102 | D:2      | Mangled by a gnoll

Illustrated notes

Levels and vault maps discovered:
D:1:      elethiomel_arrival_fortress_basement, layout_rooms
D:2:      layout_basic

Skill      XL: |  1  2 |
---------------+-------+-----
Short Blades   | 2 3 |  3.7
Fighting       | |  3.0
Armour         | |  1.7
Dodging        | |  0.8
Invocations    | |  2.4

Action                   || total
-------------------------++-------
Melee: Short sword       ||   124
Invok: Depart the Abyss  ||     1
  Use: Potion            ||     3
Armor: Leather armour    ||    33
Dodge: Dodged            ||    71

Table legend: (Time is in decaauts)
 A = Elapsed time spent in this place.
 B = Non-inter-level travel time spent in this place.
 C = Inter-level travel time spent in this place.
 D = Time resting spent in this place.
 E = Time spent auto-exploring this place.
 F = Levels seen in this place.
 G = Mean time per level.
                   A        B        C        D        E       F      G
               +--------+--------+--------+--------+--------+-----+--------+
         Total |   2093 |   2052 |     41 |      0 |   1708 |   3 |  697.7 |
       Dungeon |   1742 |   1701 |     41 |      0 |   1426 |   2 |  871.0 |
         Abyss |    351 |    351 |      0 |      0 |    282 |   1 |  351.0 |
               +--------+--------+--------+--------+--------+-----+--------+

Top non-repeatable levels by time:
     D:1: 1575 daAuts
 Abyss:1: 351 daAuts
     D:2: 166 daAuts
